 Dungeon Crawl Stone Soup version 0.30-a0-743-gbfdf073431 (webtiles) character file.

Game seed: 2564344909953256234

182103 cforsyth the Convoker (level 18, 0/119 HPs)
             Began as a Tengu Summoner on Feb 7, 2023.
             Was an Initiate of Gozag.
             Slain by a shock serpent (10 damage)
             ... on level 2 of the Snake Pit.
             The game lasted 02:04:47 (35971 turns).

cforsyth the Convoker (Tengu Summoner)             Turns: 35971, Time: 02:04:48

Health: 0/119      AC: 13    Str: 11    XL:     18   Next: 32%
Magic:  35/35      EV: 21    Int: 28    God:    Gozag
Gold:   2709       SH:  0    Dex: 15    Spells: 12/41 levels left

rFire   + + .      SeeInvis +    K - +1 executioner's axe of Eternal Vigilance {elec, rPois rF+ Dex-4}
rCold   + + .      Faith    .    (shield currently unavailable)
rNeg    . . .      Spirit   .    D - +3 leather armour {rF+}
rPois   +          Reflect  .    U - +0 hat {Will+}
rElec   +          Harm     .    r - +2 cloak {Will+}
rCorr   +          Rampage  .    N - +0 pair of gloves
Will    ++++.                    (boots unavailable)
Stlth   ++                       A - amulet of magic regeneration
HPRegen 0.39/turn                z - ring "Wejuv" {rC++ Int+6 Dex+3}
MPRegen 0.64/turn                G - ring of Ublej {rElec Will+ rCorr Str+2 SInv}

@: flying quickly and evasively, constricted, quick
A: beak, talons 3, nimble flight
a: Renounce Religion, Potion Petition, Call Merchant, Bribe Branch


You were on level 2 of the Snake Pit.
You worshipped Gozag.
Gozag was most pleased with you.
You visited 5 branches of the dungeon, and saw 25 of its levels.
You also visited: Sewer, Bailey, Gauntlet, Ice Cave and Volcano.

You collected 13620 gold pieces.
You spent 2544 gold pieces at shops.
You paid 8367 gold pieces to Gozag.

Inventory:

Hand Weapons
 K - the +1 executioner's axe of Eternal Vigilance (weapon) {elec, rPois rF+ Dex-4}
   (You found it in a bailey)

   Dex:       It affects your dexterity (-4).
   rF:        It protects you from fire.
   rPois:     It protects you from poison.
Armour
 r - a +2 cloak of willpower (worn)
 y - the +1 robe of Nibreff {rF+ Slay+2}
   (You bought it in a shop on level 4 of the Dungeon)

   Slay:      It affects your accuracy & damage with ranged weapons and melee
   (+2).
   rF:        It protects you from fire.
 D - a +3 leather armour of fire resistance (worn)
 L - the +5 scale mail of Serendipity {rF+ Str-2 Int+4 Slay+3}
   (You found it in a bailey)

   Str:       It affects your strength (-2).
   Int:       It affects your intelligence (+4).
   Slay:      It affects your accuracy & damage with ranged weapons and melee
   (+3).
   rF:        It protects you from fire.
 M - the +1 chain mail "Quivet" {Will+ rCorr Str-4 Dex+2}
   (You found it in a bailey)

   Str:       It affects your strength (-4).
   Dex:       It affects your dexterity (+2).
   rCorr:     It protects you from acid and corrosion.
   Will:      It increases your willpower.
 N - a +0 pair of gloves (worn)
 U - a +0 hat of willpower (worn)
Jewellery
 h - a +4 ring of protection
 x - a +6 ring of intelligence
 z - the ring "Wejuv" (left hand) {rC++ Int+6 Dex+3}
   (You bought it in a shop on level 1 of the Lair of Beasts)

   [ring of intelligence]

   Int:       It affects your intelligence (+6).
   Dex:       It affects your dexterity (+3).
   rC:        It greatly protects you from cold.
 A - an amulet of magic regeneration (around neck)
 G - the ring of Ublej (right hand) {rElec Will+ rCorr Str+2 SInv}
   (You bought it in a shop on level 1 of the Lair of Beasts)

   [ring of see invisible]

   Str:       It affects your strength (+2).
   rElec:     It insulates you from electricity.
   SInv:      It lets you see invisible.
   rCorr:     It protects you from acid and corrosion.
   Will:      It increases your willpower.
 O - a ring of positive energy
 R - a ring of magical power
 W - a ring of see invisible
Wands
 c - a wand of iceblast (27)
 p - a wand of digging (5)
 C - a wand of flame (40)
 E - a wand of acid (14)
 P - a wand of mindburst (17)
 Q - a wand of charming (24)
Scrolls
 a - 4 scrolls of poison
 d - 4 scrolls of immolation
 f - 2 scrolls of silence
 g - 7 scrolls of enchant armour
 j - 8 scrolls of teleportation
 k - 2 scrolls of blinking
 l - a scroll of torment
 m - 5 scrolls of amnesia
 n - 3 scrolls of magic mapping
 o - 3 scrolls of fear
 B - a scroll of acquirement
 H - 4 scrolls of fog
 J - 2 scrolls of butterflies
 T - 2 scrolls of brand weapon
 V - 5 scrolls of vulnerability
 Y - 6 scrolls of identify
Potions
 b - 4 potions of magic
 e - 13 potions of curing
 i - 2 potions of brilliance
 q - 7 potions of heal wounds
 s - 3 potions of might
 t - 3 potions of lignification
 u - 3 potions of cancellation
 v - 7 potions of mutation
 w - a potion of invisibility
 F - 3 potions of ambrosia
 S - 6 potions of haste
 X - a potion of attraction
 Z - 3 potions of resistance


   Skills:
 + Level 15.0 Fighting
 - Level 13.8 Armour
 + Level 16.5 Dodging
 - Level 2.0 Stealth
 + Level 12.3 Spellcasting
 + Level 17.6 Summonings
 - Level 3.0 Translocations


You had 12 spell levels left.
You knew the following spells:

 Your Spells              Type           Power      Damage    Failure   Level
a - Summon Small Mammal   Summ           100%       N/A       0%          1
b - Call Imp              Summ           86%        N/A       0%          2
c - Call Canine Familiar  Summ           86%        N/A       0%          3
d - Summon Guardian Gole  Hex/Summ       61%        N/A       1%          3
e - Summon Lightning Spi  Summ/Air       61%        N/A       1%          4
f - Summon Forest         Summ/Tloc      33%        N/A       1%          5
g - Summon Cactus Giant   Summ           43%        N/A       1%          6
h - Summon Mana Viper     Hex/Summ       61%        N/A       2%          5

Your spell library contained the following spells:

 Spells                   Type           Power      Damage    Failure   Level
 Apportation              Tloc           68%        N/A       1%          1
 Summon Hydra             Summ           43%        N/A       2%          7
 Beastly Appendage        Tmut           34%        N/A       3%          1
 Foxfire                  Conj/Fire      68%        2x1d7     3%          1
 Necrotise                Necr           68%        1d7       3%          1
 Shock                    Conj/Air       68%        1d7       3%          1
 Sublimation of Blood     Necr           17%        N/A       6%          2
 Wereblood                Tmut           17%        N/A       6%          2
 Portal Projectile        Hex/Tloc       50%        N/A       6%          3
 Spider Form              Tmut/Pois      17%        N/A       12%         3
 Swiftness                Air            17%        N/A       12%         3
 Summon Horrible Things   Summ           43%        N/A       17%         8
 Airstrike                Air            8%         2d(2-18)  36%         4
 Leda's Liquefaction      Hex/Erth       8%         N/A       36%         4
 Petrify                  Tmut/Erth      17%        N/A       36%         4
 Malign Gateway           Summ/Tloc      33%        N/A       41%         7
 Fireball                 Conj/Fire      8%         3d6       71%         5
 Irradiate                Conj/Tmut      8%         3d14      71%         5
 Starburst                Conj/Fire      8%         6d4       99%         6
 Statue Form              Tmut/Erth      11%        N/A       99%         6
 Shatter                  Erth           8%         3d10*     100%        9


Dungeon Overview and Level Annotations

Branches:
Dungeon (15/15)            Temple (1/1) D:4            Lair (5/5) D:8
 Shoals (0/4) Lair:3        Snake (2/4) Lair:3        Slime (0/5) Lair:5
    Orc (2/2) D:10            Elf (0/3) Orc:2        Vaults (0/5) D:13
 Depths (0/4) D:15          Sewer (visited)          Bailey (visited)
  IceCv (visited)         Volcano (visited)         Gauntlet (visited)

Altars:
Ashenzari
Elyvilon
Fedhas
Gozag
Hepliaklqana
Kikubaaqudgha
Makhleb
Nemelex Xobeh
Okawaru
Qazlal
Ru
Sif Muna
Trog
Uskayaw
Vehumet
Wu Jian
Xom
Yredelemnul
Zin
The Shining One

Shops:
D:4 [!?   D:5 =   D:6 :   D:14 :(?(   Orc:1 =   Orc:2 *:(([   Lair:1 =:[:[:==

Annotations:
Temple 2 transporters


Innate Abilities, Weirdness & Mutations

You have a beak for a mouth.
You have claws for feet.
Your magical nature lets you fly swiftly and evasively.


Message History

You hit the shock serpent.
The shock serpent's electric aura discharges, shocking you!
You resist.
* * * LOW HITPOINT WARNING * * *
The shock serpent bites you!
* * * LOW HITPOINT WARNING * * *
The shock serpent shocks you. You resist.
* * * LOW HITPOINT WARNING * * *
The naga mage hits you with a +0 spear!
* * * LOW HITPOINT WARNING * * *
The naga mage constricts you. The shock serpent misses you.
Your cactus giant hits the naga warrior with a +0 giant spiked club.
The naga warrior is struck by your cactus giant's spines.
The naga warrior hits your cactus giant with a +0 flail!
Your cactus giant is destroyed!
Your cactus giant disappears in a puff of smoke!
The naga mage closely misses you. The naga mage constricts you.
* * * LOW HITPOINT WARNING * * *
The shock serpent completely misses you.
Unknown command.
Unknown command.
Unknown command.
You feel much better. The naga mage casts a spell at you.
The bolt of poison hits you. You resist.
* * * LOW HITPOINT WARNING * * *
The naga mage constricts you. The shock serpent closely misses you.
The naga mage hits you but does no damage.
The naga mage constricts you.
* * * LOW HITPOINT WARNING * * *
The shock serpent bites you!
* * * LOW HITPOINT WARNING * * *
The shock serpent shocks you. You resist.
* * * LOW HITPOINT WARNING * * *
Okay, then.
You feel much better. The naga mage hits you with a +0 spear!
* * * LOW HITPOINT WARNING * * *
The naga mage constricts you. The shock serpent bites you!
You die...
Your body crumbles into a pile of gold.

##..#... #..##... $
####..## #.## ###
##.# ###.#### ##.##
##......###...##
###S...#.........##
#N@#..#######.#...#
#.N####.# #...##..
...$# #.## #.......
.....# #..#
##...... ..... ##.#
######. ...# ###
..# # .# #


You could see a naga warrior, a shock serpent and a naga mage (fast, strong).

Vanquished Creatures
  A fire dragon (D:15)
  A centaur warrior (D:15)
  A naga sharpshooter (Snake:1)
  A deep elf pyromancer (Volcano)
  3 black mambas
  A cane toad (Lair:4)
  An ice statue (IceCv)
  2 torpor snails (Lair:5)
  3 komodo dragons
  A troll (Orc:2)
  4 blink frogs
  2 nameless horrors
  2 dream sheep
  6 yaks
  A human (D:14)
  2 fire elementals (Volcano)
  3 vampire mosquitoes
  A warg (Orc:1)
  6 water moccasins
  3 hell hounds
  A sky beast (D:7)
  4 wolves
  An ogre (Orc:2)
  3 centaurs
  4 bullfrogs
  A necrophage (D:14)
  2 killer bees (D:9)
  A howler monkey (D:7)
  3 orc priests
  An iguana (D:5)
  2 orc wizards
  A gnoll (Bailey)
  An adder (D:2)
  5 orcs
  A goblin (D:4)
  2 kobolds
  A quokka (D:1)
  2 ball pythons
  A bat (D:3)
  2 frilled lizards
84 creatures vanquished.

Vanquished Creatures (collateral kills)
  Jorgrun (Snake:2)
  Gastronok (Lair:2)
  Roxanne (D:14)
  Aizul (Snake:2)
  Nessos (D:13)
  Azrael (Snake:2)
  A minotaur (Gauntlet)
  A dire elephant (D:15)
  A white draconian (IceCv)
  An ettin (Orc:2)
  A fire dragon (Lair:5)
  Josephine (Lair:5)
  8 vault guards (D:13)
  6 hydras
  2 ogre magi
  3 catoblepae (Lair:5)
  3 anacondas
  5 centaur warriors
  3 boulder beetles
  11 two-headed ogres
  A naga warrior (Snake:1)
  4 death yaks
  A tengu warrior (Gauntlet)
  2 shock serpents (Snake:1)
  2 orc high priests
  3 naga sharpshooters
  Sonja (Lair:5)
  Amaemon (Lair:2)
  2 deep trolls (Orc:2)
  3 naga ritualists
  A deep elf archer (Volcano)
  3 lindwurms (Lair:5)
  6 deep elf pyromancers
  An orc knight (Bailey)
  An orc sorcerer (Orc:1)
  6 ugly things
  2 salamanders
  4 manticores
  6 cyclopes
  2 oklob plants
  A wolf spider (D:15)
  7 mana vipers
  13 elephants
  A moth of wrath (Gauntlet)
  22 black mambas
  A guardian serpent (Snake:2)
  2 naga magi (Snake:1)
  An ice statue (IceCv)
  A water nymph (Lair:3)
  8 cane toads
  An orange demon (Lair:2)
  6 torpor snails
  A gargoyle (D:12)
  6 komodo dragons
  A rime drake (shapeshifter) (D:13)
  6 rime drakes
  A kobold demonologist (Bailey)
  3 tengu conjurers
  2 ice devils (Lair:5)
  A merfolk (D:14)
  A wind drake (shapeshifter) (D:15)
  13 trolls
  3 tyrant leeches (Lair:5)
  Grinder (D:3)
  10 hornets
  A raiju (shapeshifter) (D:15)
  23 blink frogs
  19 dream sheep
  3 slime creatures (D:13)
  A vampire (D:10)
  2 shadows (D:11)
  51 yaks
  2 wyverns
  9 wraiths
  6 basilisks
  3 vampire mosquitoes
  3 steam dragons
  9 fire elementals
  A golden eye (shapeshifter) (D:13)
  5 nagas
  2 wargs (Orc:1)
  3 hell hounds
  2 nameless horrors
  16 water moccasins
  3 black bears
  A sky beast (D:5)
  An ice beast (D:6)
  16 orc warriors
  20 ogres
  19 wolves
  13 centaurs
  4 kobold brigands
  4 bullfrogs
  A gnoll sergeant (D:9)
  A scorpion (D:7)
  6 wights
  6 killer bees (D:9)
  7 lindwurm simulacra (IceCv)
  12 howler monkeys
  3 electric eels (Bailey)
  7 komodo dragon simulacra (IceCv)
  A hound (D:7)
  12 orc priests
  4 iguanas
  19 orc wizards
  Terence (D:2)
  2 hell rats
  A mummy (D:7)
  6 adders
  7 gnolls
  3 acid dragon simulacra (IceCv)
  A river rat (D:4)
  A shadow imp (D:7)
  A white imp (D:6)
  3 steam dragon simulacra (IceCv)
  2 worms
  A dart slug (D:2)
  69 orcs
  12 ball pythons
  7 bats
  10 endoplasms
  5 giant cockroaches
  11 hobgoblins
  4 jackals (D:2)
  3 quokkas
  3 frilled lizards
  6 goblins
  2 hobgoblin zombies (D:7)
  24 kobolds
  A kobold zombie (D:7)
  An orc zombie (D:7)
  6 rats
  A bush (Lair:2)
733 creatures vanquished.

Vanquished Creatures (others)
  Snorg (D:10)
  Harold (D:10)
  An ogre mage (Orc:2)
  A hydra (Lair:3)
  A two-headed ogre (D:9)
  2 orc knights
  A mana viper (Snake:2)
  A manticore (D:12)
  A cyclops (Orc:2)
  Maurice (D:8)
  A black mamba (Lair:1)
  2 elephants (Lair:3)
  Joseph (Lair:1)
  2 rime drakes
  A komodo dragon (D:8)
  3 blink frogs
  A polar bear (Lair:3)
  A dream sheep (Lair:5)
  Sigmund (D:3)
  5 yaks
  A vampire mosquito (D:14)
  Edmund (D:4)
  A water moccasin (Lair:1)
  8 orc warriors
  2 ogres (Orc:2)
  A wight (D:8)
  2 killer bees (D:9)
  A komodo dragon simulacrum (IceCv)
  Crazy Yiuf (D:2)
  An orc priest (D:10)
  4 orcs
  2 goblins (Bailey)
  A hobgoblin (Bailey)
  29 fungi
  79 plants
  6 snaplasher vines
  4 withered plants (D:9)
173 creatures vanquished.

Grand Total: 990 creatures vanquished

Notes
Turn   | Place    | Note
-------+----------+-------------------------------------------
     0 | D:1      | cforsyth the Tengu Summoner began the quest for the Orb.
     0 | D:1      | Reached XP level 1. HP: 10/10 MP: 4/4
   117 | D:1      | Reached skill level 5 in Summonings
   157 | D:1      | Reached XP level 2. HP: 15/15 MP: 4/6
   160 | D:1      | Learned a level 2 spell: Call Imp
   809 | D:1      | You fall into a shaft and drop 1 floor!
   935 | D:1      | Reached XP level 3. HP: 19/19 MP: 4/7
   939 | D:1      | Learned a level 3 spell: Call Canine Familiar
  1207 | D:2      | Noticed Terence
  1289 | D:2      | Killed Terence
  1290 | D:2      | Reached XP level 4. HP: 16/24 MP: 3/9
  1637 | D:2      | Reached skill level 6 in Summonings
  1776 | D:2      | Found a runed translucent door.
  1777 | D:2      | Noticed Crazy Yiuf
  1941 | D:2      | Learned a level 3 spell: Summon Guardian Golem
  1955 | D:2      | Killed Crazy Yiuf
  2146 | D:3      | Gained mutation: Your magical nature lets you fly swiftly
                  | and evasively. [Tengu growth]
  2146 | D:3      | Reached XP level 5. HP: 28/28 MP: 7/11
  2189 | D:3      | Found a stormy altar of Qazlal.
  2221 | D:3      | Noticed Sigmund
  2238 | D:3      | Killed Sigmund
  2239 | D:3      | Reached skill level 7 in Summonings
  2239 | D:3      | Reached XP level 6. HP: 32/32 MP: 10/13
  2266 | D:3      | Learned a level 4 spell: Summon Lightning Spire
  2321 | D:3      | Found an iron altar of Okawaru.
  2332 | D:3      | Found a blossoming altar of Fedhas.
  2422 | D:3      | Noticed Grinder
  2470 | D:3      | Killed Grinder
  2471 | D:3      | Reached skill level 5 in Spellcasting
  2471 | D:3      | Reached XP level 7. HP: 36/36 MP: 3/15
  3142 | D:4      | Found a hazy altar of Hepliaklqana.
  3173 | D:4      | Found a staircase to the Ecumenical Temple.
  3187 | Temple   | Entered the Ecumenical Temple
  3187 | Temple   | Found a transporter.
  3187 | Temple   | Found a transporter.
  3189 | Temple   | Found a transporter.
  3189 | Temple   | Found a transporter.
  3201 | Temple   | Became a worshipper of Gozag Ym Sagoz the Greedy
  3231 | D:4      | Found Wiusoqip's Distillery.
  3234 | D:4      | Found Picremn's Magic Scroll Shoppe.
  3289 | D:4      | Reached skill level 8 in Summonings
  3298 | D:4      | Found a glowing drain.
  3329 | Sewer    | Entered a sewer
  3866 | D:4      | Bought a potion of degeneration for 10 gold pieces
  3928 | D:4      | Noticed Edmund
  3947 | D:4      | Killed Edmund
  3948 | D:4      | Reached XP level 8. HP: 41/41 MP: 14/17
  4174 | D:4      | Reached skill level 9 in Summonings
  4221 | D:4      | Found Beularo's Antique Armour Boutique.
  4229 | D:4      | Bought a fine robe for 114 gold pieces
  4229 | D:4      | Identified the +1 robe of Nibreff {rF+ Slay+2} (You bought
                  | it in a shop on level 4 of the Dungeon)
  4446 | D:5      | Entered Level 5 of the Dungeon
  4668 | D:5      | Found a hide-covered altar of Uskayaw.
  4788 | D:5      | Found Punaguam's Jewellery Emporium.
  5479 | D:5      | Reached skill level 10 in Summonings
  5805 | D:6      | Reached XP level 9. HP: 43/45 MP: 14/21
  6351 | D:6      | Found Ycaohalano's Vocational Training.
  6376 | D:6      | Reached skill level 11 in Summonings
  6830 | D:7      | Found a flagged portal.
  6889 | Bailey   | Entered a bailey
  7105 | Bailey   | Noticed an orc knight
  7121 | Bailey   | Killed an orc knight
  7135 | Bailey   | Reached skill level 12 in Summonings
  7624 | Bailey   | Noticed an orc high priest
  7638 | Bailey   | Noticed a soul eater
  7638 | Bailey   | Killed an orc high priest
  7639 | Bailey   | Reached XP level 10. HP: 42/50 MP: 19/24
  8255 | Bailey   | Reached skill level 13 in Summonings
  8330 | Bailey   | Identified the +1 chain mail "Quivet" {Will+ rCorr Str-4
                  | Dex+2}
  8334 | Bailey   | Found an iron altar of Okawaru.
  8339 | Bailey   | Identified the +1 executioner's axe of Eternal Vigilance
                  | {elec, rPois rF+ Dex-4}
  8339 | Bailey   | Identified the +5 scale mail of Serendipity {rF+ Str-2
                  | Int+4 Slay+3}
  8351 | Bailey   | Noticed a kobold demonologist
  8354 | Bailey   | Noticed a smoke demon
  8396 | Bailey   | Killed a kobold demonologist
  9291 | D:7      | Reached skill level 10 in Spellcasting
  9804 | D:8      | Noticed Maurice
  9829 | D:8      | Killed Maurice
  9830 | D:8      | Reached skill level 1 in Fighting
  9830 | D:8      | Reached skill level 1 in Armour
 10217 | D:8      | Found a shimmering blue altar of Sif Muna.
 11185 | D:8      | Found a staircase to the Lair.
 11434 | D:9      | Reached XP level 11. HP: 42/59 MP: 21/26
 11572 | D:9      | Noticed a two-headed ogre
 11579 | D:9      | Killed a two-headed ogre
 11676 | D:9      | Reached skill level 5 in Dodging
 12204 | D:9      | Found a basalt altar of Yredelemnul.
 12615 | D:10     | Entered Level 10 of the Dungeon
 12708 | D:10     | Noticed Snorg
 12722 | D:10     | Killed Snorg
 12723 | D:10     | Reached skill level 5 in Armour
 12838 | D:10     | Found a staircase to the Orcish Mines.
 12872 | D:10     | Reached skill level 5 in Fighting
 13066 | D:10     | Noticed Harold
 13079 | D:10     | Killed Harold
 13532 | D:10     | Learned a level 6 spell: Summon Cactus Giant
 13538 | D:10     | Learned a level 5 spell: Summon Forest
 13544 | D:10     | Learned a level 5 spell: Summon Mana Viper
 13823 | D:11     | Reached skill level 1 in Translocations
 13835 | D:11     | Reached skill level 14 in Summonings
 13835 | D:11     | Reached XP level 12. HP: 69/69 MP: 16/27
 14621 | D:12     | Reached skill level 15 in Summonings
 14968 | D:12     | Noticed a boulder beetle
 14978 | D:12     | Killed a boulder beetle
 15546 | Lair:1   | Entered Level 1 of the Lair of Beasts
 16169 | Lair:1   | Noticed Joseph
 16180 | Lair:1   | Killed Joseph
 16653 | Lair:2   | Noticed Gastronok
 16782 | Lair:2   | Reached XP level 13. HP: 68/78 MP: 18/28
 17668 | Lair:2   | Reached skill level 10 in Dodging
 17916 | Lair:2   | Reached skill level 10 in Armour
 17973 | Lair:2   | Found a blossoming altar of Fedhas.
 18226 | Lair:2   | Killed Gastronok
 18422 | Lair:2   | Noticed Amaemon
 18435 | Lair:2   | Killed Amaemon
 18769 | Lair:3   | Found a dark tunnel.
 18777 | Volcano  | Entered a volcano
 19092 | Volcano  | Reached skill level 10 in Fighting
 19246 | Lair:3   | Reached XP level 14. HP: 49/88 MP: 29/29
 19420 | Lair:3   | Found a staircase to the Snake Pit.
 21614 | Lair:5   | Entered Level 5 of the Lair of Beasts
 21614 | Lair:5   | Found a gate leading to a gauntlet.
 21635 | Lair:5   | Noticed Sonja
 21667 | Lair:5   | Killed Sonja
 21705 | Lair:5   | Found a glowing silver altar of Zin.
 21714 | Gauntlet | Entered a Gauntlet
 21714 | Gauntlet | Found a transporter.
 21714 | Gauntlet | Found a transporter.
 21718 | Gauntlet | Found a transporter.
 21719 | Gauntlet | Found a transporter.
 21728 | Gauntlet | Found a transporter.
 21732 | Gauntlet | Found a transporter.
 21743 | Gauntlet | Found a transporter.
 21743 | Gauntlet | Found a transporter.
 21745 | Gauntlet | Found a transporter.
 21745 | Gauntlet | Found a transporter.
 21746 | Gauntlet | Noticed a balrug
 21817 | Gauntlet | Found a transporter.
 21817 | Gauntlet | Found a transporter.
 22015 | Gauntlet | Identified the amulet "Guuqum" {Faith Stlth+}
 22105 | Lair:5   | Found a frozen archway.
 22115 | IceCv    | Entered an ice cave
 22790 | IceCv    | Noticed a white draconian
 22999 | IceCv    | Killed a white draconian
 23273 | IceCv    | Identified the amulet "Fumuvvof" {Acrobat Fly}
 23441 | Lair:5   | Reached XP level 15. HP: 21/96 MP: 18/30
 23775 | Lair:5   | Found a staircase to the Slime Pits.
 24834 | Lair:5   | Noticed Josephine
 24846 | Lair:5   | Killed Josephine
 25255 | Lair:5   | Found a runed translucent door.
 25748 | Lair:1   | Bought the ring of Ublej {rElec Will+ rCorr Str+2 SInv} for
                  | 710 gold pieces
 25838 | Orc:1    | Entered Level 1 of the Orcish Mines
 26108 | Orc:1    | Found Gumu's Jewellery Boutique.
 26223 | Orc:2    | Entered Level 2 of the Orcish Mines
 26273 | Orc:2    | Found a staircase to the Elven Halls.
 26290 | Orc:2    | Found Tele's Assorted Antiques.
 26438 | Orc:2    | Reached XP level 16. HP: 80/104 MP: 7/31
 26615 | Orc:2    | Found Gaicer's Antique Weapon Shoppe.
 26631 | Orc:2    | Found Nuixoqo's Armour Shop.
 26636 | Orc:2    | Found Coir Joj's Book Emporium.
 26637 | Orc:2    | Found Gaofiu's Weapon Shoppe.
 27458 | Lair:1   | Acquired 831 gold pieces
 27469 | Lair:1   | Acquired 928 gold pieces
 27471 | Lair:1   | Acquired 715 gold pieces
 27481 | Lair:1   | Bought the ring "Wejuv" {rC++ Int+6 Dex+3} for 1336 gold
                  | pieces
 27677 | D:13     | Reached skill level 15 in Dodging
 27710 | D:13     | Reached skill level 16 in Summonings
 28409 | D:13     | Found a gate to the Vaults.
 28665 | D:14     | Found Wouneole's Antique Weapon Boutique.
 28684 | D:14     | Found Xezead's Weapon Emporium.
 28685 | D:14     | Noticed Nessos
 29059 | D:13     | Killed Nessos
 29335 | D:14     | Found Mosiucluhuy's Magic Scroll Shoppe.
 29380 | D:14     | Identified Roxanne's Almanac of Topomancy
 29380 | D:14     | Noticed Roxanne
 29581 | D:14     | Found Nainam's Book Boutique.
 29584 | D:14     | Bought a Grand Grimoire for 374 gold pieces
 29904 | D:14     | Killed Roxanne
 30142 | D:15     | Entered Level 15 of the Dungeon
 31481 | D:15     | Found a staircase to the Depths.
 31777 | Snake:1  | Entered Level 1 of the Snake Pit
 32172 | Snake:1  | Reached XP level 17. HP: 80/112 MP: 13/33
 32710 | Snake:1  | Reached skill level 17 in Summonings
 33875 | Snake:1  | Reached XP level 18. HP: 118/118 MP: 35/35
 33908 | Snake:2  | Noticed Azrael
 33957 | Snake:2  | Noticed Jorgrun
 34474 | Snake:2  | Killed Jorgrun
 35319 | Snake:2  | Killed Azrael
 35320 | Snake:2  | Reached skill level 15 in Fighting
 35696 | Snake:2  | Noticed Aizul
 35713 | Snake:2  | Killed Aizul
 35970 | Snake:2  | HP: 3/119 [shock serpent (4)]
 35971 | Snake:2  | Slain by a shock serpent

Illustrated notes

Levels and vault maps discovered:
D:1:      dpeg_arrival_orchard, layout_basic, nrook_uturn
D:2:      layout_rooms, uniq_terence, uniq_crazy_yiuf_cottage
D:3:      layout_loops_ring, lemuel_round_altar,
          nicolae_qazlal_eye_of_the_storm, mainiacjoe_overflow_cross_hatched,
          uniq_sigmund, uniq_grinder
D:4:      layout_basic, mainiacjoe_overflow_boulevard,
          minmay_temple_entry_slanted, serial_shops, shop, shop_fountains, shop,
          portal_sewer_entry_e, uniq_edmund
D:5:      layout_basic, mainiacjoe_overflow_alcove_1, serial_shops, shop
D:6:      layout_basic, hangedman_abyss_or_decor_lesser_grid,
          nicolae_shop_vocational
D:7:      layout_cave_pools, enter_bailey_6, minmay_mini_ossuary
D:8:      layout_basic, mainiacjoe_overflow_small_starburst,
          david_lair_shrubbed, uniq_maurice
D:9:      layout_cave_pods, yredelemnul_altar_generic, dk_noncrumbling_3
D:10:     layout_cave_pools, david_orc_5, uniq_harold, uniq_snorg
D:11:     layout_cave_pools, serial_rivers, chequers_serial_rivers_large_b,
          chequers_serial_rivers_micro_b, chequers_serial_rivers_marsh,
          chequers_serial_rivers_small_a, chequers_serial_rivers_large_a
D:12:     layout_irregular_city
D:13:     layout_rooms, erik_vaults_2
D:14:     layout_loops_cross, serial_shops, nicolae_shop_window_shopping,
          nicolae_shop_bloodbath_and_beyond, nicolae_shop_statue_plus, shop,
          kennysheep_flooded_box, hangedman_stone_soup, grunt_decor_cap,
          uniq_roxanne, uniq_nessos
D:15:     hangedman_depths_entry_try_elsewhere_first, layout_loops_ring
Temple:   hellmonk_temple_divided_pantheon
Lair:1:   layout_loops_ring, lemuel_fruit_tree, uniq_joseph
Lair:2:   nzn_winding_woodlands_three_and_one
          [nzn_winding_woodlands_5x15_pockets,
          nzn_winding_woodlands_5x15_sidewinder,
          nzn_winding_woodlands_5x15_split_checker,
          nzn_winding_woodlands_center_pierced_h], layout_regular_city,
          tgw_fedhas, uniq_gastronok, uniq_amaemon
Lair:3:   layout_hall_layers, nicolae_shoals_entry_flooding,
          minmay_snake_entry_six_corridors, enter_volcano_2,
          dpeg_stationary_puzzle, serial_bayou_shore_b, lemuel_fruit_fields
Lair:4:   layout_big_grid, nicolae_quartered_pool_medium, grunt_megastairs_2
Lair:5:   hangedman_lair_in_review, layout_cave_pods, wormcave,
          dpeg_slime_entry_enclosed, portal_ice_cave_demonic_guard, basic_altar,
          gauntlet_entry_generic, uniq_josephine, uniq_sonja
Snake:1:  layout_layer_cave
Snake:2:  layout_layer_cave, minmay_shop_grove, uniq_aizul, uniq_azrael,
          uniq_jorgrun
Orc:1:    layout_caves, serial_shops, shop, mines2_lemuel
Orc:2:    st_orc_open, layout_caves, serial_shops, nicolae_square_shop

Skill      XL: |  1  2  3  4  5  6  7  8  9 10 11 12 13 14 15 16 17 18 |
---------------+-------------------------------------------------------+-----
Summonings     | 5 6 7 8 10 12 13 14 15 16 17 | 17.6
Spellcasting   | 3 4 5 7 9 10 11 12 | 12.3
Fighting       | 2 5 7 10 11 13 14 15 | 15.0
Armour         | 3 6 8 10 12 13 | 13.8
Dodging        | 4 7 9 11 13 14 15 16 | 16.5
Translocations | 1 3 |  3.0
Stealth        | |  2.0

Action                     |  1- 3 |  4- 6 |  7- 9 | 10-12 | 13-15 | 16-18 || total
---------------------------+-------+-------+-------+-------+-------+-------++-------
  Melee: Unarmed           |     8 |     4 |    42 |    11 |       |       ||    65
         Kick              |     4 |     1 |    15 |    20 |    77 |    26 ||   143
         Peck              |     1 |     1 |    10 |     7 |    56 |    23 ||    98
         Executioner's axe |       |       |       |    60 |   219 |    88 ||   367
   Cast: Summon Small Mamm |    34 |    10 |    26 |    23 |       |       ||    93
         Call Imp          |    15 |     4 |    14 |    13 |       |       ||    46
         Call Canine Famil |     3 |     7 |    38 |    60 |    36 |    11 ||   155
         Summon Guardian G |       |     3 |     8 |    61 |    22 |     8 ||   102
         Summon Lightning  |       |       |     3 |    46 |    17 |     5 ||    71
         Summon Forest     |       |       |       |     8 |    40 |    29 ||    77
         Summon Cactus Gia |       |       |       |     6 |   104 |    85 ||   195
         Summon Mana Viper |       |       |       |     1 |    39 |    59 ||    99
 Invoke: Call Merchant     |       |       |       |     3 |     3 |     2 ||     8
  Evoke: Wand              |       |       |     4 |       |       |       ||     4
    Use: Scroll            |       |       |    14 |    11 |     8 |     4 ||    37
         Potion            |       |       |       |     1 |     1 |     5 ||     7
   Stab: Distracted        |       |       |       |     1 |     2 |     1 ||     4
         Sleeping          |       |       |       |     1 |     1 |     1 ||     3
 Armour: Robe              |     5 |     7 |    40 |    49 |    31 |       ||   132
         Leather armour    |       |       |       |       |   111 |    82 ||   193
  Dodge: Dodged            |    23 |     8 |   100 |   141 |   484 |   342 ||  1098

Table legend: (Time is in decaauts)
 A = Elapsed time spent in this place.
 B = Non-inter-level travel time spent in this place.
 C = Inter-level travel time spent in this place.
 D = Time resting spent in this place.
 E = Time spent auto-exploring this place.
 F = Levels seen in this place.
 G = Mean time per level.
                   A        B        C        D        E       F      G
               +--------+--------+--------+--------+--------+-----+--------+
         Total |  34623 |  33417 |   1206 |   6579 |  18515 |  30 | 1154.1 |
       Dungeon |  16317 |  15584 |    733 |   2289 |   9603 |  15 | 1087.8 |
        Temple |     28 |     19 |      9 |      0 |      0 |   1 |   28.0 |
          Lair |   8003 |   7627 |    376 |    615 |   4922 |   5 | 1600.6 |
     Snake Pit |   4037 |   4007 |     30 |   1147 |   2170 |   2 | 2018.5 |
  Orcish Mines |   1500 |   1443 |     57 |    250 |    880 |   2 |  750.0 |
         Sewer |    445 |    445 |      0 |      0 |    297 |   1 |  445.0 |
        Bailey |   2218 |   2218 |      0 |   1430 |    259 |   1 | 2218.0 |
      Ice Cave |   1285 |   1285 |      0 |    794 |    203 |   1 | 1285.0 |
       Volcano |    449 |    449 |      0 |     51 |    179 |   1 |  449.0 |
      Gauntlet |    339 |    339 |      0 |      2 |      0 |   1 |  339.0 |
               +--------+--------+--------+--------+--------+-----+--------+

Top non-repeatable levels by time:
 Snake:1: 3006 daAuts
  Lair:5: 2322 daAuts
  Bailey: 2218 daAuts
  Lair:2: 1942 daAuts
     D:8: 1614 daAuts
  Lair:3: 1606 daAuts
    D:13: 1579 daAuts
    D:15: 1355 daAuts
   IceCv: 1285 daAuts
  Lair:1: 1269 daAuts
     D:9: 1258 daAuts
     D:1: 1110 daAuts
     D:5: 1079 daAuts
    D:12: 1078 daAuts
 Snake:2: 1030 daAuts
